 Dungeon Crawl Stone Soup version 0.26.1-2-gb8aa6d0 (webtiles) character file.

Game seed: 9449796712440873241

3503 Ghali8 the Destroyer (level 10, -5/73 HPs)
             Began as a Gnoll Conjurer on Feb 28, 2021.
             Was a Follower of Ashenzari.
             Slain by an orc warlord
             ... wielding a +2 great sword of electrocution
              (17 damage)
             ... in a bailey.
             The game lasted 00:27:17 (8317 turns).

Ghali8 the Destroyer (Gnoll Conjurer)               Turns: 8317, Time: 00:27:18

Health: -5/73      AC:  6    Str: 11    XL:     10   Next: 7%
Magic:  20/20      EV: 16    Int: 23    God:    Ashenzari [*.....]
Gold:   237        SH:  0    Dex: 13    Spells: 16/23 levels left

rFire    . . .     SeeInvis .   d - +0 dagger (elec)
rCold    . . .     Faith    .   (no shield)
rNeg     . . .     Spirit   .   a - +0 robe
rPois    .         Reflect  .   x - +0 hat
rElec    .         Harm     .   h - +0 cloak
rCorr    .         Rampage  .   e - -2 pair of gloves (curse)
Will     .....                  y - +2 pair of boots
Stlth    +++.......             (no amulet)
HPRegen  0.22/turn              (no ring)
MPRegen  0.17/turn              (no ring)

@: no status effects
A: distributed training, fangs 1, strong nose
a: Renounce Religion, Curse Item, Scrying


You were in a bailey.
You worshipped Ashenzari.
Ashenzari was aware of your devotion.
You visited 1 branch of the dungeon, and saw 7 of its levels.
You also visited: Bailey.

You collected 237 gold pieces.

Inventory:

Hand Weapons
 b - a +0 dagger of draining
 d - a +0 dagger of electrocution (weapon)
 B - a +2 rapier of flaming
Armour
 a - a +0 robe (worn)
 e - a cursed -2 pair of gloves (worn)
 h - a +0 cloak (worn)
 x - a +0 hat (worn)
 y - a +2 pair of boots (worn)
Jewellery
 c - a cursed ring of resist corrosion
 E - a cursed ring of poison resistance
Wands
 u - a wand of paralysis (1)
 w - a wand of polymorph (8)
 D - a wand of disintegration (2)
Scrolls
 f - 5 scrolls of identify
 i - 2 scrolls of blinking {unknown}
 l - a scroll of remove curse
 m - a scroll of amnesia {unknown}
 n - a scroll of noise {unknown}
 o - 2 scrolls of fear {unknown}
 q - 2 scrolls of immolation {unknown}
 s - 3 scrolls of teleportation {unknown}
 A - a scroll of enchant armour {unknown}
Potions
 g - 3 potions of mutation
 j - 3 potions of resistance
 k - 3 potions of curing
 p - a potion of flight {unknown}
 r - 3 potions of haste
 t - 2 potions of brilliance {unknown}
 v - 2 potions of ambrosia {unknown}
 z - a potion of invisibility {unknown}
 C - a potion of degeneration {unknown}
 F - a potion of lignification {unknown}


   Skills:
 + Level 4.9 Fighting
 + Level 4.9 Short Blades
 + Level 4.9 Long Blades
 + Level 4.9 Axes
 + Level 4.9 Maces & Flails
 + Level 4.9 Polearms
 + Level 4.9 Staves
 + Level 4.9 Slings
 + Level 4.9 Bows
 + Level 4.9 Crossbows
 + Level 4.9 Throwing
 + Level 4.9 Armour
 + Level 6.8 Dodging
 + Level 6.5 Stealth
 + Level 4.9 Shields
 + Level 4.9 Unarmed Combat
 + Level 7.1 Spellcasting
 + Level 8.3 Conjurations
 + Level 4.0 Hexes
 + Level 4.0 Summonings
 + Level 4.0 Necromancy
 + Level 4.0 Translocations
 + Level 4.0 Transmutations
 + Level 4.0 Fire Magic
 + Level 4.0 Ice Magic
 + Level 4.0 Air Magic
 + Level 4.0 Earth Magic
 + Level 4.0 Poison Magic
 + Level 5.4 Invocations
 + Level 4.9 Evocations


You had 16 spell levels left.
You knew the following spells:

 Your Spells              Type           Power        Failure   Level
a - Magic Dart            Conj           100%         1%          1
b - Searing Ray           Conj           92%          1%          2
c - Iskenderun's Mystic   Conj/Tloc      36%          6%          4

Your spell library contained the following spells:

 Spells                   Type           Power        Failure   Level
 Corona                   Hex            28%          1%          1
 Dazzling Flash           Conj/Hex       72%          1%          3
 Ensorcelled Hibernation  Hex/Ice        52%          2%          2
 Confusing Touch          Hex            26%          4%          3
 Tukima's Dance           Hex            26%          4%          3
 Fulminant Prism          Conj/Hex       18%          6%          4
 Iskenderun's Battlesphe  Conj           46%          7%          5
 Bolt of Magma            Conj/Fire/Erth 16%          22%         5
 Iron Shot                Conj/Erth      18%          67%         6
 Orb of Destruction       Conj           23%          91%         7
 Spellforged Servitor     Conj/Summ      18%          99%         7


Dungeon Overview and Level Annotations

Branches:
Dungeon (7/15)             Temple (0/1) D:6          Bailey (1/1)

Altars:
Ashenzari
Cheibriados
Elyvilon
Gozag
Nemelex Xobeh
Ru
Trog
Uskayaw
Wu Jian
Yredelemnul

Annotations:
D:2 Sigmund
D:3 1 runed translucent door, bat's ghost, amateur MfGl
D:6 2 transporters, Endbringerleviathan's ghost, novice HuHu


Innate Abilities, Weirdness & Mutations

Your experience applies equally to all skills.
You have very sharp teeth.
Your uncanny sense of smell can sniff out nearby items.


Message History

Press: ? - help, Shift-Dir - straight line, f - orc warrior
Aim: an orc warrior, wielding a +0 war axe and wearing a +0 ring mail (strong, chance to affect: 61%)
The orc warrior resists with significant effort.
Aiming: Paralyse
Press: ? - help, Shift-Dir - straight line, f/p - orc warrior
Aim: an orc warrior, wielding a +0 war axe and wearing a +0 ring mail (strong, chance to affect: 61%)
The orc warrior resists with significant effort.
The orc warrior hits you but does no damage.
Aiming: Paralyse
Press: ? - help, Shift-Dir - straight line, f/p - orc warrior
Aim: an orc warrior, wielding a +0 war axe and wearing a +0 ring mail (strong, chance to affect: 61%)
The orc warrior suddenly stops moving!
The helpless orc warrior fails to defend itself.
You skewer the orc warrior like a kebab!!!
You kill the orc warrior!
You start resting.
The orc warlord hits you with a +2 great sword of electrocution!
* * * LOW HITPOINT WARNING * * *
You are electrocuted!
You die...

#...o...# ##..))...##
#.....)...# ##..)......##
######.))..⌠.)...#######
.....##o)...o...##.....##
......)o.)......'....)..#
.....)##.......##o......##
.......#.......#@.)))....#
.......##.....##.))).....##
..⌠.....#######..)))).....#
.......##∆∆∆∆∆##..)......##
.......#∆∆∆∆∆∆∆#.........#
......## ##.......##
......# #.......# .....##
##..))[## #+#### ####+##


You could see an orc warlord.

Vanquished Creatures
  An orc knight (Bailey)
  Prince Ribbit (D:5)
  Eustachio (D:5)
  Duvessa (D:5)
  8 orc warriors
  An ice beast (D:6)
  A phantom (D:4)
  A necrophage (D:7)
  2 ogres (D:6)
  3 centaurs
  A bullfrog (D:6)
  Dowan (D:5)
  A scorpion (D:4)
  A jelly (D:6)
  3 centaur skeletons
  A gnoll shaman (D:4)
  An orc priest (D:3)
  Ijyb (D:4)
  Natasha (D:4)
  A worker ant (D:7)
  2 iguanas
  9 orc wizards
  A worker ant zombie (D:6)
  16 gnolls
  12 adders
  An ufetubus (D:5)
  3 oozes
  An adder skeleton (D:6)
  An adder zombie (D:4)
  5 worms
  2 dart slugs (D:3)
  7 leopard geckos
  40 orcs
  8 giant cockroaches
  14 hobgoblins
  4 jackals (D:6)
  5 kobolds
  4 quokkas
  8 ball pythons
  4 frilled lizards
  A giant cockroach zombie (D:3)
  19 goblins
  8 rats
207 creatures vanquished.

Notes
Turn   | Place    | Note
-------+----------+-------------------------------------------
     0 | D:1      | Ghali8 the Gnoll Conjurer began the quest for the Orb.
     0 | D:1      | Reached XP level 1. HP: 13/13 MP: 6/6
   177 | D:1      | Reached XP level 2. HP: 19/19 MP: 5/7
   180 | D:1      | Learned a level 2 spell: Searing Ray
   760 | D:1      | Reached XP level 3. HP: 25/25 MP: 7/9
   873 | D:1      | Reached skill level 5 in Spellcasting
  1086 | D:2      | Reached skill level 1 in Invocations
  1115 | D:2      | Found a bloodstained altar of Trog.
  1115 | D:2      | Found a basalt altar of Yredelemnul.
  1118 | D:2      | Found a broken altar of Ashenzari.
  1122 | D:2      | Found a white marble altar of Elyvilon.
  1132 | D:2      | Became a worshipper of Ashenzari the Shackled
  1367 | D:2      | Noticed Sigmund
  1426 | D:3      | Noticed bat's ghost (amateur MfGl)
  1439 | D:3      | Reached skill level 1 in Fighting
  1439 | D:3      | Reached skill level 1 in Short Blades
  1439 | D:3      | Reached skill level 1 in Long Blades
  1439 | D:3      | Reached skill level 1 in Axes
  1439 | D:3      | Reached skill level 1 in Maces & Flails
  1439 | D:3      | Reached skill level 1 in Polearms
  1439 | D:3      | Reached skill level 1 in Staves
  1439 | D:3      | Reached skill level 1 in Slings
  1439 | D:3      | Reached skill level 1 in Bows
  1439 | D:3      | Reached skill level 1 in Crossbows
  1439 | D:3      | Reached skill level 1 in Throwing
  1439 | D:3      | Reached skill level 1 in Armour
  1439 | D:3      | Reached skill level 1 in Shields
  1439 | D:3      | Reached skill level 1 in Unarmed Combat
  1439 | D:3      | Reached skill level 1 in Evocations
  1627 | D:3      | Reached XP level 4. HP: 21/32 MP: 8/11
  1785 | D:3      | Reached skill level 1 in Hexes
  1785 | D:3      | Reached skill level 1 in Summonings
  1785 | D:3      | Reached skill level 1 in Necromancy
  1785 | D:3      | Reached skill level 1 in Translocations
  1785 | D:3      | Reached skill level 1 in Transmutations
  1785 | D:3      | Reached skill level 1 in Fire Magic
  1785 | D:3      | Reached skill level 1 in Ice Magic
  1785 | D:3      | Reached skill level 1 in Air Magic
  1785 | D:3      | Reached skill level 1 in Earth Magic
  1785 | D:3      | Reached skill level 1 in Poison Magic
  2409 | D:3      | Found a runed translucent door.
  2564 | D:3      | Reached XP level 5. HP: 37/37 MP: 8/12
  2606 | D:3      | Learned a level 4 spell: Iskenderun's Mystic Blast
  3232 | D:4      | Noticed Ijyb
  3258 | D:4      | Reached XP level 6. HP: 44/44 MP: 8/13
  3400 | D:4      | Killed Ijyb
  3401 | D:4      | Reached skill level 5 in Dodging
  3674 | D:4      | Noticed Natasha
  3688 | D:4      | Killed Natasha
  3689 | D:4      | Reached XP level 7. HP: 45/50 MP: 9/15
  3823 | D:4      | Found a sacrificial altar of Ru.
  3823 | D:4      | Found a hide-covered altar of Uskayaw.
  3824 | D:4      | Found a snail-covered altar of Cheibriados.
  3824 | D:4      | Found a sparkling altar of Nemelex Xobeh.
  3854 | D:4      | Found an ornate altar of the Wu Jian Council.
  4706 | D:5      | Entered Level 5 of the Dungeon
  4814 | D:5      | Noticed Prince Ribbit
  4829 | D:5      | Killed Prince Ribbit
  4830 | D:5      | Reached skill level 5 in Stealth
  4881 | D:5      | Noticed Duvessa
  4919 | D:5      | Reached XP level 8. HP: 47/57 MP: 11/16
  4974 | D:5      | Noticed Dowan
  4982 | D:5      | Killed Duvessa
  4985 | D:5      | Killed Dowan
  5399 | D:5      | Found an opulent altar of Gozag.
  5422 | D:5      | Noticed Eustachio
  5578 | D:5      | Killed Eustachio
  6137 | D:6      | Reached XP level 9. HP: 65/65 MP: 6/18
  6345 | D:6      | Noticed Endbringerleviathan's ghost (novice HuHu)
  6363 | D:6      | Found a transporter.
  6404 | D:6      | Reached * piety under Ashenzari
  6413 | D:6      | Found a staircase to the Ecumenical Temple.
  6683 | D:6      | Found a transporter.
  7033 | D:7      | Reached skill level 8 in Conjurations
  7043 | D:7      | Found a flagged portal.
  7171 | Bailey   | Entered a bailey
  7879 | Bailey   | Reached skill level 5 in Invocations
  8050 | Bailey   | Noticed an orc knight
  8057 | Bailey   | Killed an orc knight
  8087 | Bailey   | Reached XP level 10. HP: 35/73 MP: 7/20
  8307 | Bailey   | Noticed an orc warlord
  8317 | Bailey   | Slain by an orc warlord

Illustrated notes

Levels and vault maps discovered:
D:1:      enne_arrival_octagon_isle, layout_loops_ring
D:2:      layout_rooms, minitemple, serial_forest,
          infiniplex_forest_clump_curved, infiniplex_forest_straight_1,
          infiniplex_forest_clump_small, infiniplex_forest_zigzag_1,
          infiniplex_forest_straight_4, infiniplex_forest_straight_2,
          grunt_nemelex_the_gamble, uniq_sigmund
D:3:      layout_basic, hellmonk_ghost_happy_afterlife, minmay_snake_closets
D:4:      layout_loops_corners, chequers_temple_overflow_statue_of_worship,
          nzn_wu_jian_contemplation, chequers_serial_rivers_micro_c,
          grunt_decor_one_mirror, uniq_natasha, uniq_ijyb
D:5:      layout_cave_pools, kennysheep_mini, uniq_eustachio,
          uniq_prince_ribbit1, uniq_duvessa
D:6:      layout_cave_pools, minmay_temple_entry_offerings,
          gammafunk_ghost_mausoleum
D:7:      layout_layer_cave, enter_bailey_4
Bailey:   bailey_axe_minmay_hex_keep, bailey

Skill      XL: |  1  2  3  4  5  6  7  8  9 |
---------------+----------------------------+-----
Spellcasting   | 5 6 7 |  7.1
Invocations    | 1 2 3 4 5 |  5.4
Fighting       | 1 2 3 4 |  4.9
Short Blades   | 1 2 3 4 |  4.9
Long Blades    | 1 2 3 4 |  4.9
Axes           | 1 2 3 4 |  4.9
Maces & Flails | 1 2 3 4 |  4.9
Polearms       | 1 2 3 4 |  4.9
Staves         | 1 2 3 4 |  4.9
Slings         | 1 2 3 4 |  4.9
Bows           | 1 2 3 4 |  4.9
Crossbows      | 1 2 3 4 |  4.9
Throwing       | 1 2 3 4 |  4.9
Armour         | 1 2 3 4 |  4.9
Shields        | 1 2 3 4 |  4.9
Unarmed Combat | 1 2 3 4 |  4.9
Evocations     | 1 2 3 4 |  4.9
Hexes          | 1 2 3 4 |  4.0
Summonings     | 1 2 3 4 |  4.0
Necromancy     | 1 2 3 4 |  4.0
Translocations | 1 2 3 4 |  4.0
Transmutations | 1 2 3 4 |  4.0
Fire Magic     | 1 2 3 4 |  4.0
Ice Magic      | 1 2 3 4 |  4.0
Air Magic      | 1 2 3 4 |  4.0
Earth Magic    | 1 2 3 4 |  4.0
Poison Magic   | 1 2 3 4 |  4.0
Dodging        | 5 6 |  6.8
Stealth        | 5 6 |  6.5
Conjurations   | 8 |  8.3

Action                   |  1- 3 |  4- 6 |  7- 9 | 10-12 || total
-------------------------+-------+-------+-------+-------++-------
Melee: Whip              |     5 |       |     3 |       ||     8
       Short sword       |       |       |     3 |       ||     3
       Rapier            |       |       |    26 |       ||    26
       Bite              |       |       |    13 |     1 ||    14
       Dagger            |       |       |    89 |    15 ||   104
       Punch             |       |       |     1 |       ||     1
 Cast: Magic Dart        |    69 |    52 |   108 |       ||   229
       Searing Ray       |     1 |    16 |    37 |     2 ||    56
       Iskenderun's Myst |       |       |    16 |       ||    16
Invok: Curse Item        |       |       |     2 |       ||     2
Evoke: Wand              |       |       |     4 |     5 ||     9
  Use: Scroll            |       |       |     4 |       ||     4
 Stab: Sleeping          |       |       |     2 |       ||     2
       Paralysed         |       |       |     2 |     2 ||     4
       Distracted        |       |       |     1 |     1 ||     2
Armor: Robe              |       |     3 |    20 |     2 ||    25
Dodge: Dodged            |     6 |    18 |   115 |     7 ||   146
